 Dungeon Crawl Stone Soup version 0.23-a0-741-g38971ea054 (webtiles) character file.

539 D1HalberdGnoll the Firebug (level 7, -13/70 HPs)
             Began as an Ogre Fire Elementalist on Jan 18, 2019.
             Shot with an arrow by a centaur (14 damage)
             ... on level 5 of the Dungeon.
             The game lasted 00:08:43 (5570 turns).

D1HalberdGnoll the Firebug (Ogre Fire Elementalist) Turns: 5570, Time: 00:08:43

Health: -13/70     AC:  3    Str: 13    XL:     7   Next: 26%
Magic:  4/13       EV: 10    Int: 17    God:
Gold:   259        SH:  0    Dex: 14    Spells: 9/14 levels left

rFire    + . .     SeeInvis .   t - +0 spear
rCold    . . .     Gourm    .   (no shield)
rNeg     . . .     Faith    .   e - +0 robe {rF+}
rPois    .         Spirit   .   (helmet restricted)
rElec    .         Reflect  .   (no cloak)
rCorr    .         Harm     .   (gloves unavailable)
MR       .....                  (boots unavailable)
Stlth    ++........             (no amulet)
HPRegen  0.21/turn              k - +4 ring of dexterity
MPRegen  0.13/turn              (no ring)

@: slowed, very slow
A: large, unfitting armour, tough skin 1
a: no special abilities


You were on level 5 of the Dungeon.
You were not hungry.

You visited 1 branch of the dungeon, and saw 5 of its levels.

You collected 259 gold pieces.

Inventory:

Hand Weapons
 t - a +0 spear (weapon)
Armour
 e - a +0 robe of fire resistance (worn)
Jewellery
 k - a +4 ring of dexterity (left hand)
Wands
 b - a wand of paralysis (4)
 q - a wand of polymorph (7)
 s - a wand of random effects (18)
Scrolls
 a - 2 scrolls of identify
 g - 2 scrolls of teleportation
 h - a scroll of amnesia
 i - a scroll of immolation
 j - a scroll of random uselessness {unknown}
 n - a scroll of magic mapping {unknown}
 p - a scroll of blinking {unknown}
 r - a scroll of fog {unknown}
 v - a scroll of enchant weapon {unknown}
Potions
 d - 3 potions of degeneration {unknown}
 l - 2 potions of heal wounds {unknown}
 m - a potion of haste {unknown}
 o - a potion of curing {unknown}
 u - a potion of flight {unknown}
Comestibles
 c - 10 rations


   Skills:
 + Level 4.3 Fighting
 - Level 1.7 Dodging
 - Level 1.4 Stealth
 + Level 4.4 Spellcasting
 - Level 0.8 Conjurations
 + Level 1.8 Necromancy
 * Level 5.4 Fire Magic


You had 9 spell levels left.
You knew the following spells:

 Your Spells              Type           Power        Failure   Level  Hunger
a - Flame Tongue          Conj/Fire      ##...        4%          1    None
b - Conjure Flame         Conj/Fire      ##......     13%         3    ###....
s - Animate Skeleton      Necr           N/A          7%          1    None

Your spell library contained the following spells:

 Spells                   Type           Power        Failure   Level  Hunger
 Throw Flame              Conj/Fire      ##....       6%          2    ##.....
 Pain                     Necr           #...         7%          1    None
 Beastly Appendage        Tmut           #.....       16%         1    None
 Inner Flame              Hex/Fire       ##......     16%         3    ###....
 Sticks to Snakes         Tmut           #.......     22%         2    ##.....
 Sticky Flame             Conj/Fire      ##......     38%         4    ####...
 Spider Form              Tmut/Pois      #.........   41%         3    ###....
 Fireball                 Conj/Fire      ##........   75%         5    ######.
 Ice Form                 Ice/Tmut       #.......     83%         4    ####...
 Blade Hands              Tmut           #.........   99%         5    ######.


Dungeon Overview and Level Annotations

Branches:
Dungeon (5/15)
 Temple: D:4-7

Altars:
Cheibriados
Nemelex Xobeh
Sif Muna
Xom
The Shining One

Annotations:
D:3 2 transporters


Innate Abilities, Weirdness & Mutations

You are too large for most types of armour.
You have tough skin. (AC +1)


Message History

A centaur comes into view.
The centaur shouts!
The centaur wields a +0 shortbow.
The centaur shoots an arrow.
The arrow barely misses you.
The centaur shoots an arrow.
The arrow hits you!
* * * LOW HITPOINT WARNING * * *
You see here an arrow.
The centaur shoots an arrow.
The arrow barely misses you.
You see here an arrow.
The centaur shoots an arrow.
The arrow hits you.
* * * LOW HITPOINT WARNING * * *
You see here an arrow.
The centaur shoots an arrow.
The arrow hits you.
* * * LOW HITPOINT WARNING * * *
You see here an arrow.
The centaur shoots an arrow.
The arrow barely misses you.
You see here an arrow.
The centaur shoots an arrow.
The arrow hits you!
* * * LOW HITPOINT WARNING * * *
The centaur shoots an arrow.
The arrow hits you!
You die...

##.......# #........#
#........# #........#
#......[.#
..###+####.......##
..))(....(........##
..#####..c.........##
#........((@...#
#.....(((......# .##
#)....).(......#
....##..............#
#.................#
#................##
##..............##
################


You could see a centaur.

Vanquished Creatures
  An ogre (D:4)
  Blork the orc (D:4)
  A howler monkey (D:3)
  A gnoll shaman (D:3)
  Jessica (D:3)
  3 orc wizards
  6 gnolls
  3 adders
  2 worms
  3 leopard geckos
  7 orcs
  3 ball pythons
  3 bats (D:3)
  5 giant cockroaches
  8 hobgoblins
  11 jackals
  12 kobolds
  A quokka (D:3)
  5 frilled lizards
  8 goblins
  7 rats
92 creatures vanquished.

Vanquished Creatures (collateral kills)
  A worker ant (D:4)
  A gnoll (D:3)
  An adder skeleton (D:4)
  A goblin (D:3)
4 creatures vanquished.

Vanquished Creatures (others)
  2 minotaurs (D:1)
  2 draconians (D:1)
  3 octopodes (D:1)
  2 elves (D:1)
  A formicid (D:1)
  A human (D:1)
  2 dwarves (D:1)
  2 mummies (D:1)
  6 plants (D:3)
  8 tentacles (D:1)
29 creatures vanquished.

Grand Total: 125 creatures vanquished

Notes
Turn   | Place    | Note
-------+----------+-------------------------------------------
     0 | D:1      | D1HalberdGnoll the Ogre Fire Elementalist began the quest
                  | for the Orb.
     0 | D:1      | Reached XP level 1. HP: 16/16 MP: 3/3
     2 | D:1      | Noticed an octopode
     2 | D:1      | Noticed a minotaur
     2 | D:1      | Noticed a human
     2 | D:1      | Noticed a dwarf
     2 | D:1      | Noticed a draconian
     2 | D:1      | Noticed an octopode
     2 | D:1      | Noticed a draconian
     2 | D:1      | Noticed a kraken
     2 | D:1      | Noticed a minotaur
     2 | D:1      | Noticed an octopode
     2 | D:1      | Noticed an elf
     2 | D:1      | Noticed a formicid
     2 | D:1      | Noticed an elf
     2 | D:1      | Noticed a dwarf
     3 | D:1      | Killed an elf
     5 | D:1      | Killed an octopode
     5 | D:1      | Killed an octopode
     6 | D:1      | Killed a draconian
     6 | D:1      | Killed a minotaur
     7 | D:1      | Killed a formicid
     8 | D:1      | Killed a dwarf
     8 | D:1      | Killed a draconian
     9 | D:1      | Killed an elf
     9 | D:1      | Killed an octopode
    11 | D:1      | Killed a human
    13 | D:1      | Killed a minotaur
    16 | D:1      | Killed a dwarf
   439 | D:1      | Reached skill level 3 in Fire Magic
   439 | D:1      | Reached XP level 2. HP: 26/26 MP: 3/5
   560 | D:1      | Reached skill level 1 in Fighting
   903 | D:1      | HP: 2/40 [hobgoblin/+0 spear (1)]
   908 | D:1      | Reached XP level 3. HP: 3/33 MP: 1/7
  1265 | D:1      | Learned a level 3 spell: Conjure Flame
  1498 | D:2      | Found a snail-covered altar of Cheibriados.
  2237 | D:2      | Found a shimmering altar of Xom.
  2499 | D:3      | Reached XP level 4. HP: 39/42 MP: 0/8
  2783 | D:3      | Reached skill level 4 in Fire Magic
  2783 | D:3      | Reached XP level 5. HP: 34/50 MP: 1/10
  3059 | D:3      | Noticed Jessica
  3069 | D:3      | Killed Jessica
  3078 | D:3      | Identified Jessica's Reference Book on Necromancy
  3109 | D:3      | Learned a level 1 spell: Animate Skeleton
  3431 | D:3      | Found a transporter.
  3433 | D:3      | Identified the +3 scale mail "Ykoh" {SInv}
  3433 | D:3      | Identified the +1 shield "Utig" {rF+ Int+3}
  3578 | D:3      | Found a glowing golden altar of the Shining One.
  3709 | D:3      | Found a transporter.
  3956 | D:3      | Reached XP level 6. HP: 38/61 MP: 8/11
  4160 | D:4      | Reached skill level 1 in Necromancy
  4332 | D:4      | Reached skill level 5 in Fire Magic
  4884 | D:4      | Found a deep blue altar of Sif Muna.
  5045 | D:4      | Found a sparkling altar of Nemelex Xobeh.
  5183 | D:4      | Noticed Blork the orc
  5191 | D:4      | Killed Blork the orc
  5191 | D:4      | Reached XP level 7. HP: 40/70 MP: 4/13
  5493 | D:5      | Entered Level 5 of the Dungeon
  5570 | D:5      | HP: 1/70 [centaur/arrow (15)]
  5570 | D:5      | Shot with an arrow by a centaur

Vault maps used:
D:1:      nicolae_arrival_kraken_aquarium_b
D:2:      lemuel_coloured_pillars_altar, xom_teletrap_fun
D:3:      nicolae_tso_carved_into_rock, gammafunk_ghost_gnarly_gnolls,
          nrook_mini_vaults, kennysheep_jessica_study
D:4:      nicolae_overflow_crystal_walls, nicolae_overflow_hidden_temple,
          uniq_blork_the_orc
D:5:      minmay_temple_entry_glass, serial_shops, kennysheep_little_box,
          first_ration, serial_bayou_lagoon_a

Skill      XL: |  1  2  3  4  5  6 |
---------------+-------------------+-----
Fire Magic     | 3 4 5 |  5.4
Fighting       | 1 2 3 4 |  4.3
Spellcasting   | 3 4 |  4.4
Necromancy     | 1 |  1.8
Dodging        | |  1.7
Stealth        | |  1.4
Conjurations   | |  0.8

Action                   |  1- 3 |  4- 6 |  7- 9 || total
-------------------------+-------+-------+-------++-------
Melee: Unarmed           |     8 |       |       ||     8
       Whip              |    77 |    24 |       ||   101
       Spear             |       |    60 |    13 ||    73
 Cast: Flame Tongue      |    82 |   109 |    25 ||   216
       Animate Skeleton  |       |     9 |     3 ||    12
  Use: Potion            |     3 |       |       ||     3
       Scroll            |     2 |     2 |     1 ||     5
 Stab: Distracted        |       |     1 |       ||     1
  Eat: Chunk             |     5 |     8 |     2 ||    15
Armor: Robe              |    33 |    46 |    10 ||    89
       Skin              |     2 |       |       ||     2
Dodge: Dodged            |    52 |    77 |    15 ||   144

Table legend:
 A = Non-vault XP
 B = Vault XP
 C = Vault XP percentage of total XP
 D = Non-vault monster count
 E = Vault monster count
 F = Vault count percentage of total count
                 A         B        C        D         E       F
            +---------+---------+-------+---------+---------+-------
      Total |     632 |     138 |  17.9 |      93 |       3 |   3.1
            +---------+---------+-------+---------+---------+-------
        D:1 |      37 |       0 |   0.0 |      24 |       0 |   0.0
        D:2 |      52 |       0 |   0.0 |      14 |       0 |   0.0
        D:3 |     202 |      39 |  16.2 |      29 |       2 |   6.5
        D:4 |     248 |      99 |  28.5 |      19 |       1 |   5.0
        D:5 |      93 |       0 |   0.0 |       7 |       0 |   0.0
            +---------+---------+-------+---------+---------+-------
